General information
- name: BNet
- type: Ladder team game (AT/RT)
- host: Battle.net
- saver: ilosetodminus
map: Friends
- players: 8
- length: 55:33
- speed: Fast
- version: 1.24 W3XP
- replay type: Public
» download(680 KB)
Players
team 1 (loser)

»
IAmTheEggplant (
pink | 152 APM | 7738 actions | 50:48)
8 Archmage
3 Summon Water Elemental
3 Brilliance Aura
1 Mass Teleport
1 Blizzard
6 Mountain King
3 Storm Bolt
2 Thunder Clap
1 Avatar
» actions
| Assign group hotkey | 139 | |
| Basic commands | 217 | |
| Build / train | 172 | |
| ESC pressed | 9 | |
| Enter build submenu | 44 | |
| Enter hero's abilities submenu | 14 | |
| Give item / drop item | 4 | |
| Remove unit from queue | 1 | |
| Right click | 3134 | |
| Select / deselect | 1482 | |
| Select group hotkey | 2214 | |
| Use ability | 308 | |
7738 total
» units
| Peasant | 24 | |
| Footman | 2 | |
| Rifleman | 29 | |
| Forest Troll Berserker | 1 | |
| Sorceress | 8 | |
| Priest | 8 | |
| Spell Breaker | 1 | |
| Mortar Team | 12 | |
| Goblin Zeppelin | 1 | |
| Siege Engine | 2 | |
| Kodo Beast | 3 | |
| Shaman | 3 | |
| Troll Witch Doctor | 3 | |
| Troll Headhunter/Berserker | 13 | |
| Knight | 3 | |
113 total
» upgrades
| Gunpowder | 2 | |
| Long Rifles | 1 | |
| Priest Training | 2 | |
| Sorceress Training | 2 | |
| Lumber Harvesting | 1 | |
| Fragmentation Shards | 1 | |
| Flare | 1 | |
| Flak Cannons | 1 | |
| Backpack | 1 | |
| Barrage | 1 | |
| Animal War Training | 1 | |
| Magic Sentry | 1 | |
15 total
» buildings
| Altar of Kings | 2 | |
| Farm | 19 | |
| Barracks | 1 | |
| Blacksmith | 2 | |
| Keep | 3 | |
| Lumber Mill | 2 | |
| Scout Tower | 8 | |
| Arcane Vault | 1 | |
| Arcane Tower | 2 | |
| Arcane Sanctum | 2 | |
| Castle | 1 | |
| Workshop | 1 | |
| Orc Burrow | 3 | |
| Guard Tower | 1 | |
| Town Hall | 2 | |
50 total
» build order
00:07 Altar of Kings
00:16 Farm
00:21 Barracks
00:52 Farm
01:30 Blacksmith
01:38 Farm
02:26 Farm
02:44 Keep
02:44 Keep
03:09 Lumber Mill
03:20 Farm
03:32 Scout Tower
04:15 Arcane Vault
04:34 Farm
04:36 Arcane Tower
04:44 Farm
05:09 Farm
05:12 Arcane Sanctum
05:19 Arcane Sanctum
08:09 Farm
08:10 Farm
08:43 Farm
08:44 Farm
09:38 Castle
09:40 Workshop
13:21 Blacksmith
13:22 Altar of Kings
28:33 Lumber Mill
30:52 Farm
31:51 Farm
31:51 Farm
34:25 Farm
36:54 Orc Burrow
38:21 Scout Tower
38:22 Scout Tower
38:22 Scout Tower
38:23 Scout Tower
38:24 Scout Tower
38:26 Scout Tower
38:26 Scout Tower
40:01 Orc Burrow
40:04 Orc Burrow
41:55 Arcane Tower
41:57 Guard Tower
42:59 Farm
42:59 Farm
43:00 Farm
44:11 Town Hall
45:34 Town Hall
» items
| Scroll of Regeneration | 3 | |
| Lesser Clarity Potion | 3 | |
| Scroll of Town Portal | 8 | |
| Staff of Sanctuary | 2 | |
16 total

»
INeed2BeCarried (
orange | 102 APM | 3315 actions | 32:28)
7 Blademaster
3 Wind Walk
3 Critical Strike
1 Bladestorm
6 Shadow Hunter
2 Hex
3 Healing Wave
1 Big Bad Voodoo
5 Tauren Chieftain
2 Endurance Aura
3 War Stomp
» actions
| Assign group hotkey | 44 | |
| Basic commands | 57 | |
| Build / train | 102 | |
| Enter build submenu | 19 | |
| Enter hero's abilities submenu | 18 | |
| Give item / drop item | 3 | |
| Right click | 1340 | |
| Select / deselect | 642 | |
| Select group hotkey | 904 | |
| Use ability | 185 | |
3315 total
» units
| Peon | 9 | |
| Grunt | 5 | |
| Raider | 5 | |
| Spirit Walker | 6 | |
| Kodo Beast | 1 | |
| Goblin Zeppelin | 2 | |
| Troll Headhunter/Berserker | 10 | |
| Troll Witch Doctor | 4 | |
42 total
» upgrades
| Armor | 3 | |
| Pillage | 1 | |
| Berserker Strength | 1 | |
| Ensnare | 1 | |
| Spirit Walker Training | 1 | |
| Witch Doctor Training | 2 | |
| Berserker Upgrade | 1 | |
| War Drums Damage Increase | 1 | |
| Reinforced Defenses | 1 | |
| Ranged Weapons | 1 | |
| Troll Regeneration | 1 | |
14 total
» buildings
| Altar of Storms | 1 | |
| Orc Burrow | 7 | |
| Barracks | 2 | |
| Voodoo Lounge | 1 | |
| Stronghold | 1 | |
| War Mill | 1 | |
| Beastiary | 2 | |
| Spirit Lodge | 2 | |
| Fortress | 1 | |
18 total
» build order
00:14 Altar of Storms
00:20 Orc Burrow
00:37 Barracks
01:35 Orc Burrow
01:50 Voodoo Lounge
02:51 Stronghold
03:21 War Mill
03:25 Orc Burrow
05:27 Beastiary
05:28 Spirit Lodge
05:31 Beastiary
05:57 Orc Burrow
07:22 Orc Burrow
08:27 Fortress
13:34 Barracks
18:44 Orc Burrow
19:48 Orc Burrow
27:31 Spirit Lodge
» items
| Healing Salve | 6 | |
| Scroll of Speed | 3 | |
| Orb of Lightning | 2 | |
| Potion of Healing | 1 | |
| Scroll of Town Portal | 3 | |
| Lesser Clarity Potion | 4 | |
| Staff of Sanctuary | 1 | |
| Scroll of Regeneration | 1 | |
| Tiny Great Hall | 1 | |
22 total

»
OLaDy (
red | 121 APM | 6155 actions | 50:52)
10 Tauren Chieftain
3 Shockwave
3 Endurance Aura
1 Reincarnation
3 War Stomp
2 Shadow Hunter
1 Healing Wave
1 Hex
» actions
| Assign group hotkey | 104 | |
| Basic commands | 188 | |
| Build / train | 128 | |
| ESC pressed | 3 | |
| Enter build submenu | 33 | |
| Enter hero's abilities submenu | 12 | |
| Give item / drop item | 1 | |
| Right click | 2656 | |
| Select / deselect | 621 | |
| Select group hotkey | 2187 | |
| Use ability | 222 | |
6155 total
» units
| Peon | 21 | |
| Grunt | 9 | |
| Forest Troll Shadow Priest | 4 | |
| Troll Witch Doctor | 26 | |
| Tauren | 18 | |
| Goblin Zeppelin | 1 | |
79 total
» upgrades
| Berserker Strength | 1 | |
| Witch Doctor Training | 2 | |
| Reinforced Defenses | 1 | |
| Pulverize | 1 | |
| Armor | 3 | |
| Melee Weapons | 3 | |
| Shaman Training | 1 | |
12 total
» buildings
| Altar of Storms | 2 | |
| Orc Burrow | 15 | |
| Barracks | 1 | |
| Voodoo Lounge | 1 | |
| Stronghold | 2 | |
| War Mill | 1 | |
| Fortress | 1 | |
| Spirit Lodge | 1 | |
| Tauren Totem | 2 | |
| Great Hall | 6 | |
| Watch Tower | 1 | |
33 total
» build order
00:17 Altar of Storms
00:25 Orc Burrow
00:40 Barracks
01:40 Orc Burrow
02:34 Orc Burrow
03:10 Voodoo Lounge
03:53 Stronghold
03:53 Stronghold
05:13 Orc Burrow
05:18 War Mill
06:38 Fortress
06:59 Spirit Lodge
07:31 Orc Burrow
07:33 Orc Burrow
09:14 Tauren Totem
09:15 Tauren Totem
09:55 Orc Burrow
12:39 Orc Burrow
12:40 Orc Burrow
12:43 Orc Burrow
12:44 Orc Burrow
13:23 Orc Burrow
13:23 Orc Burrow
21:13 Orc Burrow
21:14 Orc Burrow
21:48 Great Hall
21:56 Great Hall
25:15 Great Hall
33:48 Great Hall
41:13 Great Hall
42:40 Watch Tower
45:57 Altar of Storms
47:48 Great Hall
» items
| Scroll of Regeneration | 2 | |
| Scroll of Town Portal | 8 | |
| Potion of Healing | 3 | |
| Orb of Lightning | 1 | |
14 total
RealComptonG (
purple | 89 APM | 4939 actions | 55:30)
7 Priestess of the Moon
3 Trueshot Aura
3 Searing Arrows
1 Starfall
1 Shadow Hunter
1 Hex
» actions
| Assign group hotkey | 80 | |
| Basic commands | 494 | |
| Build / train | 149 | |
| Enter build submenu | 53 | |
| Enter hero's abilities submenu | 8 | |
| Right click | 2342 | |
| Select / deselect | 895 | |
| Select group hotkey | 708 | |
| Use ability | 210 | |
4939 total
» units
| Wisp | 47 | |
| Dryad | 14 | |
| Druid of the Claw | 13 | |
| Druid of the Talon | 34 | |
| Hippogryph | 2 | |
| Glaive Thrower | 6 | |
116 total
» upgrades
| Ultravision | 1 | |
| Nature's Blessing | 2 | |
| Druid of the Claw Training | 2 | |
| Druid of the Talon Training | 2 | |
| Well Spring | 1 | |
| Strength of the Wild | 3 | |
| Mark of the Talon | 1 | |
| Abolish Magic | 1 | |
| Reinforced Hides | 3 | |
| Mark of the Claw | 2 | |
| Strength of the Moon | 1 | |
19 total
» buildings
| Moon Well | 17 | |
| Altar of Elders | 2 | |
| Hunter's Hall | 3 | |
| Ancient Protector | 7 | |
| Tree of Ages | 1 | |
| Ancient of Lore | 3 | |
| Ancient of Wind | 3 | |
| Tree of Eternity | 1 | |
| Tree of Life | 7 | |
| Ancient of War | 2 | |
| Ancient of Wonders | 1 | |
47 total
» build order
00:21 Moon Well
00:33 Altar of Elders
02:23 Hunter's Hall
03:34 Ancient Protector
03:48 Ancient Protector
06:06 Ancient Protector
07:01 Tree of Ages
09:51 Ancient of Lore
09:54 Ancient of Wind
12:20 Moon Well
13:03 Moon Well
16:21 Moon Well
17:12 Moon Well
18:49 Tree of Eternity
26:10 Moon Well
27:27 Moon Well
28:24 Tree of Life
28:46 Tree of Life
30:24 Moon Well
30:25 Moon Well
30:29 Moon Well
32:15 Ancient of Lore
32:16 Ancient of Wind
33:16 Tree of Life
35:58 Ancient of Lore
36:25 Ancient of Wind
38:47 Ancient Protector
38:48 Ancient Protector
39:43 Ancient of War
39:49 Ancient of War
39:51 Ancient Protector
39:52 Ancient Protector
43:00 Tree of Life
43:10 Moon Well
43:12 Moon Well
43:14 Moon Well
43:16 Moon Well
43:33 Altar of Elders
43:42 Tree of Life
43:46 Hunter's Hall
44:52 Moon Well
44:52 Moon Well
44:53 Moon Well
47:46 Tree of Life
48:18 Hunter's Hall
48:57 Ancient of Wonders
49:01 Tree of Life
» items
| Scroll of Town Portal | 1 | |
| Scroll of Speed | 1 | |
| Potion of Healing | 1 | |
3 total
team 2 (winner)

»
ilosetodminus (
green | 145 APM | 8063 actions | 55:33)
10 Archmage
3 Summon Water Elemental
3 Brilliance Aura
1 Mass Teleport
3 Blizzard
10 Mountain King
3 Storm Bolt
3 Bash
1 Avatar
3 Thunder Clap
» actions
| Assign group hotkey | 91 | |
| Basic commands | 304 | |
| Build / train | 180 | |
| ESC pressed | 5 | |
| Enter build submenu | 48 | |
| Enter hero's abilities submenu | 20 | |
| Give item / drop item | 4 | |
| Right click | 3338 | |
| Select / deselect | 922 | |
| Select group hotkey | 2873 | |
| Use ability | 278 | |
8063 total
» units
| Peasant | 27 | |
| Footman | 7 | |
| Forest Troll Shadow Priest | 1 | |
| Forest Troll Berserker | 1 | |
| Sorceress | 1 | |
| Gryphon Rider | 21 | |
| Priest | 3 | |
| Spell Breaker | 26 | |
| Goblin Zeppelin | 1 | |
| Knight | 7 | |
| Mortar Team | 5 | |
100 total
» upgrades
| Masonry | 3 | |
| Defend | 1 | |
| Control Magic | 2 | |
| Animal War Training | 1 | |
| Storm Hammers | 1 | |
| Swords | 3 | |
| Magic Sentry | 1 | |
| Priest Training | 2 | |
| Plating | 3 | |
| Armor | 1 | |
| Lumber Harvesting | 1 | |
| Fragmentation Shards | 1 | |
| Flare | 1 | |
| Gunpowder | 3 | |
24 total
» buildings
| Altar of Kings | 1 | |
| Barracks | 2 | |
| Farm | 19 | |
| Scout Tower | 21 | |
| Lumber Mill | 1 | |
| Arcane Tower | 1 | |
| Keep | 1 | |
| Guard Tower | 11 | |
| Castle | 1 | |
| Arcane Sanctum | 1 | |
| Arcane Vault | 2 | |
| Gryphon Aviary | 3 | |
| Blacksmith | 1 | |
| Town Hall | 2 | |
| Workshop | 1 | |
68 total
» build order
00:05 Altar of Kings
00:10 Barracks
00:15 Farm
00:56 Farm
02:00 Farm
02:27 Scout Tower
02:48 Lumber Mill
03:01 Arcane Tower
04:14 Keep
04:56 Farm
05:54 Scout Tower
06:41 Guard Tower
06:42 Castle
06:44 Arcane Sanctum
06:54 Farm
07:18 Arcane Vault
07:30 Farm
07:43 Gryphon Aviary
07:46 Farm
08:40 Gryphon Aviary
08:47 Farm
09:42 Blacksmith
11:32 Gryphon Aviary
11:34 Farm
15:45 Town Hall
19:10 Farm
19:10 Farm
21:32 Scout Tower
21:32 Scout Tower
21:33 Scout Tower
21:34 Scout Tower
21:42 Scout Tower
21:43 Scout Tower
21:45 Scout Tower
21:46 Scout Tower
22:11 Arcane Vault
22:12 Guard Tower
22:18 Guard Tower
23:16 Guard Tower
23:24 Guard Tower
23:57 Guard Tower
25:07 Farm
25:08 Farm
25:25 Scout Tower
25:27 Scout Tower
25:32 Farm
25:32 Farm
25:34 Farm
26:14 Guard Tower
26:23 Scout Tower
26:35 Scout Tower
26:57 Guard Tower
27:05 Scout Tower
27:44 Guard Tower
31:05 Barracks
37:05 Workshop
41:02 Farm
41:11 Farm
47:46 Scout Tower
47:47 Scout Tower
47:47 Scout Tower
47:48 Scout Tower
47:48 Scout Tower
47:48 Scout Tower
49:01 Farm
49:07 Guard Tower
52:51 Guard Tower
53:38 Town Hall
» items
| Dust of Appearance | 1 | |
| Scroll of Regeneration | 8 | |
| Scroll of Town Portal | 7 | |
| Staff of Sanctuary | 1 | |
| Orb of Fire | 1 | |
| Potion of Healing | 2 | |
20 total

»
JokeHill (
yellow | 127 APM | 7064 actions | 55:31)
8 Death Knight
3 Death Coil
3 Unholy Aura
1 Death Pact
1 Animate Dead
6 Lich
3 Frost Nova
3 Frost Armor
» actions
| Assign group hotkey | 80 | |
| Basic commands | 197 | |
| Build / train | 115 | |
| ESC pressed | 7 | |
| Enter build submenu | 43 | |
| Enter hero's abilities submenu | 15 | |
| Remove unit from queue | 2 | |
| Right click | 4112 | |
| Select / deselect | 1009 | |
| Select group hotkey | 1275 | |
| Use ability | 207 | |
7064 total
» units
| Acolyte | 21 | |
| Ghoul | 7 | |
| Crypt Fiend | 8 | |
| Frost Wyrm | 19 | |
| Gargoyle | 7 | |
| Goblin Zeppelin | 1 | |
63 total
» upgrades
| Creature Attack | 2 | |
| Web | 1 | |
| Necromancer Training | 1 | |
4 total
» buildings
| Graveyard | 2 | |
| Crypt | 1 | |
| Altar of Darkness | 2 | |
| Ziggurat | 17 | |
| Tomb of Relics | 1 | |
| Nerubian Tower | 4 | |
| Halls of the Dead | 1 | |
| Black Citadel | 1 | |
| Sacrificial Pit | 1 | |
| Spirit Tower | 11 | |
| Boneyard | 3 | |
| Slaughterhouse | 1 | |
| Temple of the Damned | 1 | |
| Necropolis | 1 | |
47 total
» build order
00:08 Graveyard
00:11 Crypt
00:43 Altar of Darkness
00:58 Ziggurat
01:25 Tomb of Relics
02:04 Ziggurat
02:32 Nerubian Tower
02:33 Nerubian Tower
03:59 Halls of the Dead
04:23 Ziggurat
06:40 Black Citadel
07:33 Sacrificial Pit
07:35 Ziggurat
07:55 Spirit Tower
09:27 Boneyard
09:28 Boneyard
09:39 Boneyard
10:07 Ziggurat
11:21 Ziggurat
11:22 Ziggurat
16:06 Spirit Tower
16:06 Spirit Tower
16:25 Altar of Darkness
18:18 Spirit Tower
22:20 Spirit Tower
22:35 Spirit Tower
22:35 Spirit Tower
22:35 Spirit Tower
23:46 Ziggurat
25:30 Spirit Tower
26:31 Ziggurat
26:32 Ziggurat
28:47 Slaughterhouse
28:48 Temple of the Damned
40:00 Ziggurat
40:52 Ziggurat
41:04 Nerubian Tower
41:29 Ziggurat
43:02 Ziggurat
43:32 Ziggurat
43:40 Graveyard
46:47 Ziggurat
46:51 Ziggurat
55:22 Necropolis
» items
| Rod of Necromancy | 1 | |
| Orb of Corruption | 1 | |
| Potion of Healing | 2 | |
| Scroll of Regeneration | 3 | |
| Scroll of Town Portal | 2 | |
| Lesser Clarity Potion | 1 | |
| Scroll of Speed | 1 | |
11 total
SlaveShippeD (
blue | 207 APM | 11470 actions | 55:31)
9 Shadow Hunter
2 Hex
3 Serpent Ward
1 Big Bad Voodoo
3 Healing Wave
3 Tauren Chieftain
2 Endurance Aura
1 War Stomp
» actions
| Assign group hotkey | 99 | |
| Basic commands | 663 | |
| Build / train | 99 | |
| Enter build submenu | 24 | |
| Enter hero's abilities submenu | 12 | |
| Give item / drop item | 2 | |
| Right click | 4998 | |
| Select / deselect | 1424 | |
| Select group hotkey | 3851 | |
| Use ability | 298 | |
11470 total
» units
| Peon | 13 | |
| Grunt | 10 | |
| Troll Witch Doctor | 15 | |
| Tauren | 16 | |
54 total
» upgrades
| Berserker Strength | 1 | |
| Armor | 2 | |
| Melee Weapons | 2 | |
| Witch Doctor Training | 3 | |
| Pulverize | 1 | |
9 total
» buildings
| Barracks | 1 | |
| Altar of Storms | 1 | |
| Orc Burrow | 13 | |
| Voodoo Lounge | 2 | |
| Stronghold | 1 | |
| War Mill | 2 | |
| Fortress | 1 | |
| Spirit Lodge | 1 | |
| Tauren Totem | 2 | |
| Great Hall | 1 | |
25 total
» build order
00:21 Barracks
00:24 Altar of Storms
00:35 Orc Burrow
01:48 Orc Burrow
02:14 Orc Burrow
03:47 Voodoo Lounge
04:33 Stronghold
04:47 War Mill
05:38 Orc Burrow
08:10 Fortress
08:12 Spirit Lodge
10:59 Tauren Totem
11:01 Tauren Totem
13:58 Orc Burrow
24:41 Orc Burrow
24:44 Orc Burrow
25:26 Orc Burrow
26:33 Orc Burrow
26:37 Orc Burrow
37:36 Great Hall
39:46 Orc Burrow
39:49 Orc Burrow
40:26 Orc Burrow
41:51 War Mill
48:01 Voodoo Lounge
» items
| Healing Salve | 4 | |
| Lesser Clarity Potion | 6 | |
| Orb of Lightning | 1 | |
| Scroll of Town Portal | 5 | |
| Potion of Healing | 2 | |
| Potion of Mana | 1 | |
19 total

»
wombat7373 (
teal | 35 APM | 1966 actions | 55:31)
5 Blood Mage
3 Flame Strike
1 Siphon Mana
1 Banish
» actions
| Assign group hotkey | 36 | |
| Basic commands | 31 | |
| Build / train | 110 | |
| Enter build submenu | 36 | |
| Enter hero's abilities submenu | 7 | |
| Give item / drop item | 4 | |
| Remove unit from queue | 6 | |
| Right click | 672 | |
| Select / deselect | 297 | |
| Select group hotkey | 645 | |
| Use ability | 121 | |
1966 total
» units
| Peasant | 19 | |
| Footman | 18 | |
| Dragonhawk Rider | 2 | |
| Knight | 9 | |
| Gryphon Rider | 10 | |
| Mortar Team | 2 | |
60 total
» upgrades
| Masonry | 2 | |
| Defend | 1 | |
| Lumber Harvesting | 1 | |
| Swords | 1 | |
| Animal War Training | 1 | |
| Storm Hammers | 1 | |
7 total
» buildings
| Altar of Kings | 1 | |
| Farm | 9 | |
| Barracks | 3 | |
| Lumber Mill | 1 | |
| Arcane Vault | 1 | |
| Scout Tower | 14 | |
| Keep | 1 | |
| Guard Tower | 6 | |
| Gryphon Aviary | 2 | |
| Blacksmith | 2 | |
| Castle | 1 | |
| Workshop | 1 | |
| Cannon Tower | 1 | |
43 total
» build order
00:12 Altar of Kings
00:20 Farm
01:07 Barracks
01:20 Barracks
01:34 Lumber Mill
01:50 Farm
02:03 Farm
02:14 Farm
02:25 Arcane Vault
02:51 Scout Tower
02:57 Scout Tower
03:03 Scout Tower
03:17 Scout Tower
03:50 Keep
03:51 Guard Tower
04:53 Guard Tower
04:58 Scout Tower
04:59 Scout Tower
05:40 Guard Tower
07:08 Gryphon Aviary
07:12 Blacksmith
07:27 Gryphon Aviary
07:40 Scout Tower
07:40 Scout Tower
07:41 Scout Tower
09:29 Blacksmith
09:34 Scout Tower
09:36 Scout Tower
09:54 Guard Tower
10:02 Farm
10:04 Farm
10:09 Farm
10:21 Guard Tower
10:24 Scout Tower
10:26 Scout Tower
12:46 Castle
13:40 Guard Tower
14:12 Barracks
20:18 Scout Tower
22:14 Workshop
24:29 Farm
24:31 Farm
24:55 Cannon Tower
» items
| Scroll of Regeneration | 2 | |
| Lesser Clarity Potion | 4 | |
| Scroll of Town Portal | 7 | |
| Ivory Tower | 6 | |
| Potion of Mana | 1 | |
| Potion of Healing | 1 | |
21 total
Chat log
(00:07 / All) RealComptonG: whats d minue?
(00:09 / All) RealComptonG: minus
(00:15 / All) JokeHill: before D
(00:18 / All) JokeHill: and after E+
(00:24 / All) ilosetodminus: below 950 points maybe
(00:27 / All) RealComptonG: wise nigger
(00:31 / All) JokeHill: being srs
(00:33 / All) JokeHill: ..
(00:45 / All) ilosetodminus: worst rank you can get on iccup (starcraft)
(00:45 / Allies) JokeHill: i got ud
(00:46 / Allies) JokeHill: tt
(00:55 / Allies) wombat7373: i got hu :D
(00:59 / Allies) ilosetodminus: hu is best
(01:00 / Allies) JokeHill: I think
(01:00 / Allies) ilosetodminus: i think
(01:01 / All) RealComptonG: R u good at sc
(01:02 / Allies) JokeHill: me beating h4x
(01:03 / All) RealComptonG: wanna vs sometime
(01:04 / Allies) JokeHill: is good for him
(01:05 / Allies) JokeHill: now he will
(01:08 / All) ilosetodminus: yeah ok timg4strok
(01:09 / Allies) JokeHill: practice a lot
(01:12 / Allies) JokeHill: to prove hes #1
(01:14 / All) ilosetodminus: what race you play
(01:26 / Allies) ilosetodminus: please tell me z, i love a good mirror
(01:30 / Allies) JokeHill: hse
(01:32 / Allies) ilosetodminus: oops
(01:33 / Allies) JokeHill: he doesnt know what d- is
(01:34 / Allies) ilosetodminus: that was ally
(01:35 / Allies) JokeHill: prob a bgh player
(01:40 / Allies) ilosetodminus: i havent played
(01:43 / Allies) ilosetodminus: sc in forever
(01:44 / Allies) ilosetodminus: not even a tm
(01:57 / Allies) JokeHill: everytime I do team melee
(02:01 / Allies) JokeHill: its worse than a normal game
(02:13 / Allies) JokeHill: prob cuz the only ppl I can get to team melee
(02:14 / Allies) JokeHill: are all D
(02:14 / Allies) ilosetodminus: do you multirace
(02:18 / Allies) ilosetodminus: you should tm with us
(02:19 / Allies) JokeHill: no
(02:21 / Allies) JokeHill: sure
(02:22 / Allies) ilosetodminus: we do real deal serious tm
(03:30 / Allies) JokeHill: ?
(03:39 / Allies) SlaveShippeD: come wombat
(04:11 / Allies) ilosetodminus: \this
(04:12 / Allies) ilosetodminus: game
(04:12 / Allies) ilosetodminus: sucks
(04:13 / Allies) ilosetodminus: balls
(04:18 / Allies) JokeHill: sorry lol
(04:22 / All) RealComptonG: micro ur fuckin hero
(04:25 / Allies) ilosetodminus: not your fault every creep decides to kill em
(04:45 / Allies) ilosetodminus: ok
(04:45 / Allies) wombat7373: nyze
(04:49 / Allies) ilosetodminus: i am going to curbstomp this kid
(05:00 / Allies) ilosetodminus: he makin me angry
(05:05 / Allies) wombat7373: goitta do what u gotta do junior
(05:27 / Allies) SlaveShippeD: b
(05:35 / All) ilosetodminus: gk
(05:36 / All) ilosetodminus: gj
(05:39 / All) RealComptonG: ty
(05:43 / Allies) JokeHill: k
(05:51 / Allies) JokeHill: nee dus?
(05:57 / All) RealComptonG: micro is what i do man
(06:30 / Allies) ilosetodminus: stop
(06:31 / Allies) JokeHill: lool
(06:31 / Allies) ilosetodminus: backstabbing
(06:36 / Allies) JokeHill: i didnt
(06:37 / Allies) ilosetodminus: lmao
(06:38 / Allies) JokeHill: attack it lol
(06:46 / Allies) SlaveShippeD: b
(07:05 / Allies) ilosetodminus: b
(07:08 / Allies) JokeHill: ?
(07:24 / Allies) ilosetodminus: fuyck never made shop
(08:18 / Allies) JokeHill: brt
(08:30 / Allies) JokeHill: purp
(08:32 / Allies) JokeHill: is feeding?
(08:56 / Allies) SlaveShippeD: get tc
(09:31 / Allies) JokeHill: woods
(11:49 / All) ilosetodminus: damn
(11:52 / All) ilosetodminus: micro your army please
(12:51 / Allies) JokeHill: they have oner of them
(13:28 / Allies) ilosetodminus: do we have agi hero
(13:32 / Allies) ilosetodminus: or should i sell boots+6
(13:42 / Allies) SlaveShippeD: my sh
(13:51 / Allies) ilosetodminus: yeah im selling
(13:54 / Allies) SlaveShippeD: haha
(13:59 / Allies) SlaveShippeD: wise
(14:34 / Allies) JokeHill: scout w/ that
(14:50 / Allies) JokeHill: omw
(16:18 / Allies) JokeHill: we missing a player?
(16:22 / Allies) wombat7373: me
(16:25 / Allies) wombat7373: im was wrecked
(18:43 / Allies) wombat7373: tney have no expos btw
(19:21 / Allies) JokeHill: wombat
(19:22 / Allies) JokeHill: come
(19:29 / Allies) ilosetodminus: nbeed breaker
(19:39 / Allies) JokeHill: mk
(19:53 / Allies) ilosetodminus: wood me
(20:40 / Allies) JokeHill: gold
(21:17 / Allies) ilosetodminus: kill with blood
(22:12 / Allies) JokeHill: gold for tower
(22:22 / Allies) JokeHill: ty
(24:07 / Allies) JokeHill: no tp
(24:55 / Allies) ilosetodminus: b
(25:13 / Allies) ilosetodminus: wood plz
(27:10 / Allies) SlaveShippeD: b
(27:15 / Allies) JokeHill: tp
(27:15 / Allies) SlaveShippeD: hy caem
(28:25 / Allies) JokeHill: i cant get any more wood
(28:34 / Allies) JokeHill: ty
(30:00 / All) RealComptonG: gg
(30:13 / All) OLaDy: IM GONNA FUCK UR ASS
(30:20 / Allies) JokeHill: rape him wombat
(31:06 / All) wombat7373: hey red nice altar
(31:12 / All) OLaDy: he nice army
(31:16 / All) RealComptonG: no escape
(31:24 / All) wombat7373: that was only the 3rd division
(31:32 / All) RealComptonG: Lol
(31:42 / Allies) wombat7373: i dont liek these guys
(32:07 / All) RealComptonG: i love milk
(32:23 / All) wombat7373: penis milk?
(32:28 / All) OLaDy: im gonna fuc kur shit
(32:28 / Allies) ilosetodminus: need some morts
(32:30 / All) wombat7373: hey olady
(33:32 / All) OLaDy: gg nub
(33:36 / Allies) wombat7373: farmhide imo
(33:50 / All) wombat7373: 16-7 random team
(34:05 / All) wombat7373: u should prob make a new account
(34:06 / All) OLaDy: 121-121 random team?>
(34:10 / All) wombat7373: i stab
(34:15 / All) OLaDy: sure
(34:44 / Allies) wombat7373: in my opinion these guys are faggots
(34:44 / All) OLaDy: cute
(36:00 / Allies) JokeHill: gold
(36:07 / Allies) wombat7373: i got zilch
(36:13 / Allies) JokeHill: wood
(36:46 / Allies) wombat7373: why are there no fucking goblin shops on this map
(36:55 / Allies) wombat7373: shops not labs
(37:11 / Allies) JokeHill: harass that while we fight
(37:16 / Allies) ilosetodminus: send something over
(37:17 / Allies) ilosetodminus: so i can tp
(38:03 / Allies) ilosetodminus: lmao
(38:52 / Allies) JokeHill: need u timmy
(39:18 / All) wombat7373: FAIL
(39:33 / Allies) JokeHill: base there
(39:35 / All) RealComptonG: how is that fail
(39:37 / All) RealComptonG: u mean u failed?
(39:45 / All) wombat7373: u missed a cyclone surround
(39:48 / All) wombat7373: ROFL
(39:53 / All) wombat7373: with like 10 units too
(39:54 / All) OLaDy: LEAVE MY SHIT ALONE
(39:54 / All) RealComptonG: nah i got it
(40:05 / All) wombat7373: took u two tries etard
(40:08 / All) wombat7373: *retard
(40:10 / All) RealComptonG: well duh
(40:26 / All) wombat7373: therefore you suck at surrounds
(40:32 / All) RealComptonG: no u do
(40:38 / All) wombat7373: "k"
(41:12 / Allies) JokeHill: wombat go long way
(41:13 / Allies) JokeHill: this tiem
(41:13 / Allies) JokeHill: lol
(41:19 / Allies) wombat7373: wut u mean?
(41:54 / Allies) wombat7373: timg i love you
(42:13 / Allies) ilosetodminus: get out blue
(42:13 / Allies) wombat7373: btw my hero will prob die soon
(43:01 / Allies) ilosetodminus: wood
(44:19 / Allies) wombat7373: well thats it for mah hero
(44:42 / Allies) ilosetodminus: lmao
(44:55 / Allies) ilosetodminus: need a tp
(45:24 / Allies) ilosetodminus: oh i could own that so hard
(45:26 / Allies) ilosetodminus: if i had some thing
(45:26 / Allies) wombat7373: u think we can protocock this out?
(45:27 / Allies) JokeHill: hex it
(45:41 / Allies) JokeHill: lets go
(45:42 / Allies) JokeHill: try to hex
(45:49 / Allies) ilosetodminus: mnake shop
(45:50 / Allies) ilosetodminus: pure
(45:59 / Allies) JokeHill: gogogogog
(46:05 / Allies) wombat7373: they ar massing expos and one of em has mass towers this don't look good
(46:31 / Allies) JokeHill: b?
(46:34 / Allies) JokeHill: b
(47:48 / Allies) JokeHill: u take
(47:51 / Allies) ilosetodminus: im at
(47:52 / Allies) ilosetodminus: 100 food
(47:53 / Allies) ilosetodminus: you take
(48:00 / Allies) JokeHill: k
(48:04 / Allies) ilosetodminus: using ghoul
(48:06 / Allies) ilosetodminus: for mass tp
(50:28 / All) ilosetodminus: gg
(50:38 / All) ilosetodminus: you can leave
(50:40 / All) JokeHill: hackers down
(50:43 / All) RealComptonG: we only lost cuz yosh dropped
(50:47 / All) IAmTheEggplant: gg
(50:51 / All) ilosetodminus: you only lost because im best player on azeroth
(50:52 / All) JokeHill: bye
(50:57 / Allies) JokeHill: yea
(50:58 / All) RealComptonG: nah kill my shit
(50:59 / Allies) JokeHill: u carried good
(51:00 / All) RealComptonG: i'm going afk
(51:06 / All) JokeHill: cry mexican
(51:10 / All) RealComptonG: i'm white
(51:11 / All) JokeHill: no one messes with timmy g
(51:12 / All) RealComptonG: :)
(51:13 / All) JokeHill: not even Adan
(51:13 / All) RealComptonG: i'm afk
(51:14 / All) JokeHill: SHUT UP
(51:28 / All) ilosetodminus: thanks for all the healing wards you fuckin nooblords
(51:35 / Allies) JokeHill: ahahahaha
(51:39 / Allies) ilosetodminus: seriously
(51:40 / Allies) ilosetodminus: i stole
(51:42 / Allies) ilosetodminus: at least 30 this game
(51:44 / Allies) JokeHill: yea
(51:45 / Allies) JokeHill: i ffd them
(51:48 / Allies) JokeHill: to find out they were ours
(51:58 / Allies) wombat7373: shit i spiked lawl
(52:06 / Allies) JokeHill: that was gosu carrying
(52:10 / Allies) JokeHill: by both of u
(52:12 / Allies) wombat7373: timg 4tw
(52:14 / Allies) SlaveShippeD: ^^
(52:18 / Allies) JokeHill: we wouldnt have been in this position
(52:21 / Allies) JokeHill: if I didnt lose all my frosties
(52:23 / Allies) JokeHill: the first time
(52:24 / Allies) JokeHill: lol
(53:00 / Allies) wombat7373: why u killin all those trees bro
(53:26 / Allies) JokeHill: if hes any good at farm hiding
(53:29 / Allies) JokeHill: he'll do shit there and stuff
(53:34 / Allies) wombat7373: he wont
(53:35 / Allies) JokeHill: omg nice
(53:36 / Allies) wombat7373: hes afk
(53:49 / Allies) wombat7373: actually hes probly not
(53:51 / Allies) wombat7373: fucking nerd
(54:04 / Allies) JokeHill: tol could fit there
(54:11 / Allies) wombat7373: PRO
(54:17 / Allies) wombat7373: this map
(54:21 / Allies) ilosetodminus: any wood
(54:22 / Allies) JokeHill: is the
(54:23 / Allies) JokeHill: worst map ever made
(54:28 / Allies) ilosetodminus: this map is awesome
(54:40 / Allies) wombat7373: i have a love/hate relationship with it
(54:51 / Allies) JokeHill: if it was easier to mine wood for ud
(54:52 / Allies) JokeHill: had a shop
(54:55 / Allies) JokeHill: slightly smaller
(54:59 / Allies) JokeHill: less gold in mains
(55:09 / Allies) JokeHill: and make center more
(55:11 / Allies) JokeHill: accessible
(55:13 / Allies) wombat7373: such a good map for banking
(55:17 / Allies) SlaveShippeD: so basically
(55:18 / Allies) wombat7373: golems in center is T_T
(55:19 / Allies) SlaveShippeD: remake the map
(55:19 / Allies) SlaveShippeD: ;o
(55:23 / Allies) JokeHill: yea
(55:27 / Allies) JokeHill: the actual design
(55:28 / Allies) JokeHill: is okay
(55:29 / Allies) JokeHill: though